 Dungeon Sprint DCSS version 0.20-a0-1109-ge3cd172 (webtiles) character file.

1829 potatolord5000 the Covert (level 8, -2/82 HPs)
             Began as a Deep Dwarf Fighter on May 5, 2017.
             Succumbed to a hornet's poison
             ... in the Dungeon (Sprint II: "The Violet Keep of Menkaure").
             The game lasted 00:09:24 (360 turns).

potatolord5000 the Covert (Deep Dwarf Fighter)       Turns: 360, Time: 00:09:25

Health: -2/82      AC: 18    Str: 21    XL:     8   Next: 86%
Magic:  6/6        EV:  6    Int:  6    God:
Gold:   22         SH: 12    Dex: 12    Spells: 7/7 levels left

rFire    + + +     SeeInvis +   a - +0 war axe
rCold    . . .     Gourm    .   c - +0 shield
rNeg     . . .     Faith    .   g - +2 plate armour {rF+}
rPois    .         Spirit   .   (no helmet)
rElec    .         Reflect  .   (no cloak)
rCorr    .         Harm     .   d - +0 pair of gloves of Hide-and-Seek {-Tele rF+++ Int-4 SInv}
MR       +....     NoTele   +   (no boots)
Stlth    ..........             (no amulet)
Regen    0.0/turn               (no ring)
MPRegen  0.1/turn               (no ring)

@: lethally poisoned (-2 -> -14), very slightly contaminated, non-regenerating,
slowed, very slow
A: damage resistance, heal wounds, low mp 1, sense surroundings 1, evolution 1,
no potion heal 1, no regeneration
a: Heal Wounds


You were in the Dungeon.
You were not hungry.

You visited 1 branch You collected 980 gold pieces.
You spent 958 gold pieces at shops.

Inventory:

Hand Weapons
 a - a +0 war axe (weapon)
Armour
 b - a +0 scale mail
 c - a +0 shield (worn)
 d - the +0 pair of gloves of Hide-and-Seek (worn) {-Tele rF+++ Int-4 SInv}
   (You bought it in a shop in the Dungeon)

   It affects your intelligence (-4).
   It renders you almost immune to fire.
   It lets you see invisible.
   It prevents most forms of teleportation.
 g - a +2 plate armour of fire resistance (worn)
Scrolls
 k - a scroll of blinking
Potions
 i - 2 potions of magic
Comestibles
 f - a bread ration


   Skills:
 + Level 8.7 Fighting
 + Level 10.0 Axes
 + Level 10.4 Armour
 + Level 11.4 Stealth
 + Level 10.3 Shields


You had 7 spell levels left.
You didn't know any spells.

Dungeon Overview and Level Annotations

Branches:
Dungeon (1/1)

Altars:
Dithmenos
Elyvilon
Fedhas
Gozag
Kikubaaqudgha
Makhleb
Nemelex Xobeh
Okawaru
Qazlal
Ru
Sif Muna
Trog
Uskayaw
Vehumet
Wu Jian
Xom
Yredelemnul
Zin
The Shining One
Jiyva
Lugonu

Shops:
D :?=%:=[(%!!=[(}[

Annotations:
D exclusion: oklob plant


Innate Abilities, Weirdness & Mutations

You are resistant to damage.
You can heal yourself by infusing magical energy.
You passively map a small area around you.
You do not regenerate.
Your magical capacity is low. (-10% MP)
You evolve.
Potions are less effective at restoring your health.


Message History

You feel very sick. The hornet stings you!
* * * LOW HITPOINT WARNING * * *
You feel as though you will be slow longer.
The yaktaur is engulfed in a cloud of scalding steam.
You block the yaktaur's attack. The hornet stings you!
* * * LOW HITPOINT WARNING * * *
You are lethally poisoned!
You feel as though you will be slow longer.
The yaktaur is engulfed in a cloud of scalding steam.
The yaktaur hits you!
* * * LOW HITPOINT WARNING * * *
Unknown command.
Unknown command.
You slash the hornet!
You kill the hornet!
You slash the yaktaur!
You kill the yaktaur!
Your Axes skill increases to level 10!
You die...

# ##..# , , # #..#### ##
,.# , ###'###.##..# .# #
, †##.##...#..# .# .# ,
#'.<.')#.+..###*,.##.# $
,
.##.##...#....###...##▓▓
*
###'###.##......h≈≈≈≈≈≈≈
##.######≈§.§§.)§#'#####
* +*
#.##..#≈≈≈§§≈§§§@#_._...
≈
##...##≈≈§≈≈§≈§.≈#._._..
≈##'##≈≈≈§§≈≈§§§≈#_._._.
≈≈≈≈≈≈≈≈≈≈≈≈§§§§≈#._._._
+++#+++#≈≈§≈≈≈≈§≈#_._._.
≈≈
§≈≈§§≈§##§≈≈###≈§#._._._
≈≈≈≈≈≈≈§##§≈#,#≈§#.._._.
≈≈≈8§≈≈≈≈+≈≈# #≈≈#._._._
§≈§§§§≈≈##≈≈≈§≈≈≈#######


You could see a polar bear.

Vanquished Creatures
  A merfolk siren (D)
  A yaktaur (D)
  A polar bear (D)
  A hornet (D)
  4 neqoxecs (D)
  A vampire mosquito (D)
  4 necrophages (D)
  A crocodile (D)
  2 worms (D)
16 creatures vanquished.

Vanquished Creatures (others)
  A polar bear (D)
  Menkaure (D)
  A crocodile (D)
3 creatures vanquished.

Grand Total: 19 creatures vanquished

Notes
Turn   | Place    | Note
-------+----------+-------------------------------------------
     0 | D        | potatolord5000 the Deep Dwarf Fighter began the quest for the Orb.
     0 | D        | Reached XP level 1. HP: 20/20 MP: 1/1
     7 | D        | Reached skill level 1 in Stealth
    17 | D        | Noticed a merfolk siren
    31 | D        | Killed a merfolk siren
    31 | D        | Reached skill level 7 in Stealth
    31 | D        | Reached XP level 2. HP: 16/33 MP: 2/2
    31 | D        | Reached XP level 3. HP: 20/40 MP: 3/3
    31 | D        | Reached XP level 4. HP: 24/48 MP: 4/4
    31 | D        | Reached XP level 5. HP: 28/55 MP: 5/5
    31 | D        | Reached XP level 6. HP: 31/62 MP: 6/6
    34 | D        | Noticed a neqoxec
    39 | D        | Gained mutation: You evolve. [a neqoxec]
    49 | D        | Killed a neqoxec
    49 | D        | Reached skill level 8 in Stealth
    51 | D        | Noticed a neqoxec
    60 | D        | Killed a neqoxec
    60 | D        | Reached skill level 9 in Stealth
    60 | D        | Reached XP level 7. HP: 38/70 MP: 7/7
    61 | D        | Noticed a neqoxec
    62 | D        | Noticed an orange crystal statue
    81 | D        | Killed Menkaure
    82 | D        | Noticed a neqoxec
    85 | D        | Gained mutation: Potions are less effective at restoring your health. [a neqoxec]
    91 | D        | Killed a neqoxec
    99 | D        | Reached skill level 10 in Stealth
    99 | D        | Reached XP level 8. HP: 46/77 MP: 8/8
   108 | D        | Found Qoguis's Gadget Boutique.
   110 | D        | Gained mutation: Your magical capacity is low. (-10% MP) [a neqoxec]
   117 | D        | Found Zoff's Jewellery Shop.
   117 | D        | Found Enwan Raf's Distillery.
   118 | D        | Found Luaguykue's Distillery.
   118 | D        | Found Gerr's Food Boutique.
   118 | D        | Found Fojailae's Weapon Shop.
   118 | D        | Found Orohuic's Antique Weapon Shop.
   118 | D        | Found Giefif's Antique Armour Boutique.
   119 | D        | Found Qeiniy's Antique Armour Shop.
   119 | D        | Found Etsit's Antique Armour Boutique.
   161 | D        | Found Pewiump's Jewellery Boutique.
   161 | D        | Found Asiulang's Book Shop.
   161 | D        | Found Yhukaak's Food Boutique.
   162 | D        | Found Uloos's Jewellery Shop.
   162 | D        | Found Olosaun's Magic Scroll Boutique.
   166 | D        | Noticed an oklob plant
   167 | D        | Found Geegg's Book Shoppe.
   200 | D        | Bought a pair of bloodstained gloves for 256 gold pieces
   200 | D        | Bought a runed plate armour for 702 gold pieces
   205 | D        | Identified the +0 pair of gloves of Hide-and-Seek {-Tele rF+++ Int-4 SInv} (You bought it in a shop in the Dungeon)
   311 | D        | Found a radiant altar of Vehumet.
   311 | D        | Found an iron altar of Okawaru.
   311 | D        | Found a glowing silver altar of Zin.
   312 | D        | Found a sparkling altar of Nemelex Xobeh.
   312 | D        | Found a hide-covered altar of Uskayaw.
   312 | D        | Found a basalt altar of Yredelemnul.
   312 | D        | Found a glowing golden altar of the Shining One.
   313 | D        | Found a burning altar of Makhleb.
   313 | D        | Found an opulent altar of Gozag.
   313 | D        | Found a bloodstained altar of Trog.
   313 | D        | Found a shimmering altar of Xom.
   314 | D        | Found a blossoming altar of Fedhas.
   314 | D        | Found a corrupted altar of Lugonu.
   314 | D        | Found a deep blue altar of Sif Muna.
   314 | D        | Found an ornate altar of the Wu Jian Council.
   315 | D        | Found a white marble altar of Elyvilon.
   315 | D        | Found an ancient bone altar of Kikubaaqudgha.
   315 | D        | Found a sacrificial altar of Ru.
   315 | D        | Noticed a polar bear
   316 | D        | Noticed a polar bear
   316 | D        | Noticed a polar bear
   316 | D        | Found a shadowy altar of Dithmenos.
   316 | D        | Found a viscous altar of Jiyva.
   316 | D        | Found a stormy altar of Qazlal.
   317 | D        | Noticed a hornet
   318 | D        | Noticed a yaktaur
   330 | D        | HP: 4/81 [polar bear (20)]
   332 | D        | Killed a polar bear
   332 | D        | Reached skill level 10 in Armour
   332 | D        | Reached skill level 10 in Shields
   342 | D        | Paralysed by a hornet for 1 turns
   346 | D        | Killed a polar bear
   346 | D        | Reached skill level 11 in Stealth
   350 | D        | Paralysed by a hornet for 3 turns
   356 | D        | Paralysed by a hornet for 2 turns
   357 | D        | HP: 3/82 [yaktaur (7)]
   359 | D        | HP: 1/82 [yaktaur (4)]
   360 | D        | Killed a hornet
   360 | D        | Killed a yaktaur
   360 | D        | Reached skill level 10 in Axes
   360 | D        | Succumbed to a hornet's poison

Vault maps used:
D:        the_violet_keep_of_menkaure

Skill      XL: |  1  2  3  4  5  6  7  8 |
---------------+-------------------------+-----
Stealth        | 7 9 10 11 | 11.4
Fighting       | 6 7 8 |  8.7
Axes           | 6 7 8 10 | 10.0
Armour         | 7 8 9 10 | 10.4
Shields        | 7 8 9 10 | 10.3

Action                   |  1- 3 |  4- 6 |  7- 9 || total
-------------------------+-------+-------+-------++-------
Melee: War axe           |    16 |    23 |    80 ||   119
 Abil: Heal Wounds       |       |       |     9 ||     9
  Use: Potion            |     2 |     1 |     2 ||     5
Armor: Scale mail        |       |     3 |    11 ||    14
       Plate armour      |       |       |    85 ||    85
Dodge: Dodged            |     2 |     2 |    42 ||    46
Block: Shield            |     5 |     5 |    96 ||   106
